Match 41643300
Unlisted

Match 41643300
End
Pioneer Squad
Construct Infanterie Kompanie
Selects Terror Battlegroup
Selects Machine Gun Camouflage
MG 42 Machine Gun Team
MG 42 Machine Gun Team
Selects Machine Gun Camouflage
Grenadier Squad
Grenadier Squad
Construct Luftwaffe Kompanie
Jäger Squad
221 Scout Car
Support Elements
Selects No Quarter
Wirbelwind Flakpanzer
Pioneer Squad
Medical Bunker
Wirbelwind Flakpanzer
Wirbelwind Flakpanzer
Luftwaffe Officer Quarters
Pioneer Squad
Selects King Tiger Heavy Tank
Jäger Squad
King Tiger Heavy Tank
Selects Interrogate
カルト_くん
StefanAlb
nob talk too much
mark930220
0
0

Comments sign in to comment!

No comments posted yet!